AoeStats
← panchocilveira

Black Forest

509743089Analyzed
4v4 RM · 4d ago on Sep 27, 2026· 69m 5s· 8 players
Game mode
Random Map
Map size
Large (8 player)
Population
200
Speed
Normal
Resources
Standard
Victory
Conquest
Starting age
Dark Age
Ending age
Imperial Age
RankedLock teamsTeams togetherTeam positionsShared explorationLock speedFull tech treeHidden civsTurbo modeCheats
Victory
Defeat
🇺🇸 Persians · United States
743
+15
🇹🇷 Magyars · Türkiye
688
+17
🇮🇱 Spanish · Israel
674
+26
🇫🇷 Dravidians · France
665
+18
🇧🇷 Vietnamese · Brazil
761
-19
🇺🇸 Celts · United States
731
-18
🇦🇷 Ethiopians · Argentina
694
-16
🇵🇪 Franks · Peru
639
-14
jacklaughlinstudios
6:57 Loom
12:08 Feudal Age
14:26 Wheelbarrow
17:50 Castle Age
15:50 Horse Collar
16:47 Double-Bit Axe
26:58 Hand Cart
26:28 Town Watch
34:35 Coinage
34:06 Caravan
35:50 Town Patrol
36:04 Forging
35:55 Scale Mail Armor
43:35 Imperial Age
41:47 Iron Casting
41:27 Chain Mail Armor
41:03 Fletching
41:08 Stronghold
43:33 Ballistics
43:08 Murder Holes
43:24 Fortified Wall
43:25 Masonry
46:40 Blast Furnace
46:10 Plate Mail Armor
45:36 Bodkin Arrow
45:48 Scale Barding Armor
45:43 Padded Archer Armor
46:47 Chemistry
45:53 Siege Engineers
46:02 Furor Celtica
46:13 Conscription
45:14 Elite Woad Raider
46:30 Hoardings
45:27 Sappers
46:23 Husbandry
45:43 Cavalier
45:44 Light Cavalry
45:49 Crossbowman
45:50 Elite Skirmisher
45:50 Heavy Mounted Crossbowman
45:54 Heavy Scorpion
45:55 Onager
45:55 Capped Ram
46:00 Man-at-Arms
46:00 Pikeman
46:26 Arson
46:27 Gambesons
47:24 Guilds
47:44 Banking
48:14 Halberdier
48:15 Long Swordsman
48:18 Imperial Skirmisher
48:23 Paladin
50:31 Gold Mining
50:31 Stone Mining
50:10 Two-Handed Swordsman
50:15 Siege Ram
50:16 Siege Onager
52:31 Chain Barding Armor
52:27 Leather Archer Armor
60:10 Ring Archer Armor
cXb_Foxtrot
1:00 Loom
11:44 Feudal Age
13:54 Wheelbarrow
14:29 Double-Bit Axe
20:45 Castle Age
21:02 Arson
21:31 Squires
22:26 Bow Saw
22:45 Gold Mining
24:37 Hand Cart
25:20 Caravan
27:12 Horse Collar
28:44 Heavy Plow
28:41 Stone Mining
30:42 Forging
30:33 Scale Mail Armor
33:08 Iron Casting
32:49 Chain Mail Armor
35:00 Fletching
35:21 Scale Barding Armor
38:16 Imperial Age
36:53 Husbandry
37:04 Bloodlines
38:00 Bodkin Arrow
38:28 Masonry
38:02 Treadmill Crane
38:18 Murder Holes
38:52 Ballistics
38:54 Chatras
38:23 Elite Battle Elephant
40:21 Crop Rotation
41:02 Chemistry
41:10 Paper Money
42:38 Siege Engineers
43:06 Plate Mail Armor
42:46 Elite Fire Lancer
43:51 Bracer
48:10 Pikeman
51:06 Halberdier
64:08 Masonry
espectro
13:03 Feudal Age
14:58 Double-Bit Axe
23:59 Castle Age
23:33 Stone Mining
25:10 Bow Saw
26:32 Gold Mining
26:59 Fortified Wall
33:48 Pikeman
34:14 Gambesons
36:06 Ballistics
39:58 Imperial Age
38:14 Wheelbarrow
38:00 Crossbowman
38:01 Elite Skirmisher
39:30 Gold Shaft Mining
39:56 Murder Holes
40:13 Masonry
40:44 Hand Cart
40:16 Town Watch
40:45 Scale Barding Armor
40:41 Scale Mail Armor
40:52 Forging
41:23 Town Patrol
42:16 Husbandry
41:37 Light Cavalry
41:38 Cavalier
43:56 Chain Barding Armor
43:51 Chain Mail Armor
44:12 Iron Casting
43:28 Fletching
43:39 Padded Archer Armor
44:42 Chemistry
44:13 Architecture
44:38 Caravan
45:08 Coinage
44:20 Paladin
48:01 Chivalry
49:20 Banking
49:34 Plate Barding Armor
49:41 Plate Mail Armor
51:07 Blast Furnace
50:03 Bodkin Arrow
50:25 Leather Archer Armor
50:37 Siege Engineers
59:57 Treadmill Crane
panchocilveira
0:45 Loom
12:10 Feudal Age
13:35 Wheelbarrow
12:50 Double-Bit Axe
14:33 Town Watch
24:34 Horse Collar
28:53 Castle Age
27:10 Fletching
27:17 Gold Mining
27:36 Stone Mining
28:06 Scale Mail Armor
28:07 Arson
28:52 Forging
29:10 Padded Archer Armor
30:44 Thumb Ring
30:46 Caravan
31:18 Bow Saw
31:23 Squires
32:06 Iron Casting
31:35 Crossbowman
33:24 Elite Skirmisher
34:37 Hand Cart
35:40 Town Patrol
35:52 Bodkin Arrow
41:31 Imperial Age
40:01 Fortified Wall
40:59 Ballistics
42:37 Conscription
43:25 Chemistry
42:29 Bracer
43:14 Stone Shaft Mining
43:16 Gold Shaft Mining
42:42 Imperial Skirmisher
43:27 Husbandry
45:23 Murder Holes
46:31 Blast Furnace
46:00 Heavy Plow
45:46 Halberdier
46:28 Heavy Camel Rider
Nero14
13:21 Feudal Age
14:06 Double-Bit Axe
16:36 Horse Collar
26:23 Castle Age
30:20 Caravan
32:24 Husbandry
33:36 Loom
34:27 Wheelbarrow
33:37 Town Watch
35:40 Town Patrol
40:51 Imperial Age
41:05 Hand Cart
41:17 Bow Saw
41:08 Heavy Plow
41:39 Forging
41:29 Scale Mail Armor
41:34 Scale Barding Armor
41:20 Fletching
41:30 Padded Archer Armor
41:31 Elite Conquistador
41:47 Cavalier
42:38 Bloodlines
42:04 Light Cavalry
43:50 Hussar
43:50 Paladin
45:09 Iron Casting
44:49 Chain Mail Armor
44:54 Chain Barding Armor
45:42 Ballistics
46:22 Chemistry
45:25 Murder Holes
50:13 Blast Furnace
49:43 Plate Mail Armor
49:33 Chain Barding Armor
49:09 Bodkin Arrow
49:29 Leather Archer Armor
55:27 Plate Barding Armor
54:54 Bracer
55:24 Ring Archer Armor
56:02 Gold Mining
56:02 Stone Mining
56:11 Stone Mining
alexisben78
0:37 Loom
12:53 Feudal Age
13:26 Double-Bit Axe
17:09 Man-at-Arms
22:31 Castle Age
20:56 Stone Mining
21:06 Gold Mining
21:50 Horse Collar
22:35 Pikeman
23:21 Husbandry
23:11 Gambesons
23:47 Light Cavalry
25:59 Bow Saw
25:17 Long Swordsman
29:30 Squires
33:12 Forging
33:10 Scale Barding Armor
36:55 Imperial Age
34:36 Town Watch
36:00 Murder Holes
36:59 Scale Mail Armor
38:21 Chain Barding Armor
38:02 Padded Archer Armor
38:20 Caravan
39:23 Halberdier
39:55 Siege Elephant
42:13 Elite Urumi Swordsman
43:09 Fletching
45:19 Medical Corps
46:44 Wootz Steel
47:13 Wheelbarrow
47:05 Crossbowman
48:41 Bodkin Arrow
49:02 Leather Archer Armor
50:10 Arbalester
57:41 Iron Casting
57:21 Chain Mail Armor
57:37 Ring Archer Armor
57:07 Bracer
61:32 Plate Mail Armor
62:02 Blast Furnace
I MISS HER
12:44 Feudal Age
13:15 Horse Collar
15:19 Double-Bit Axe
17:40 Wheelbarrow
17:47 Stone Mining
17:53 Gold Mining
20:23 Castle Age
21:36 Bow Saw
22:05 Heavy Plow
22:42 Caravan
28:51 Heavy Plow
31:49 Imperial Age
29:52 Hand Cart
33:59 Chemistry
34:03 Two-Man Saw
34:21 Crop Rotation
36:21 Cavalier
36:21 Light Cavalry
37:12 Husbandry
37:22 Bloodlines
36:36 Pikeman
36:36 Man-at-Arms
37:02 Arson
38:00 Conscription
37:01 Elite Magyar Huszar
37:44 Corvinian Army
41:19 Masonry
41:49 Halberdier
41:49 Long Swordsman
41:51 Paladin
41:52 Hussar
43:31 Gold Shaft Mining
42:47 Town Watch
43:22 Scale Barding Armor
43:18 Scale Mail Armor
43:18 Padded Archer Armor
43:09 Fletching
44:34 Chain Barding Armor
45:16 Chain Mail Armor
46:34 Heavy Scorpion
49:15 Plate Barding Armor
53:25 Thumb Ring
52:40 Elite Skirmisher
53:51 Parthian Tactics
59:57 Fletching
60:07 Padded Archer Armor
Scott
14:01 Feudal Age
23:54 Loom
27:07 Castle Age
26:23 Horse Collar
26:32 Double-Bit Axe
26:58 Gold Mining
26:58 Stone Mining
29:33 Heavy Plow
32:12 Gold Shaft Mining
32:12 Stone Shaft Mining
33:16 Bow Saw
41:48 Wheelbarrow
45:24 Pikeman
50:55 Hand Cart
54:18 Imperial Age
53:56 Halberdier
54:01 Elite War Elephant
Connection lost

Rejoining the realm…

Still unreachable

The connection could not be restored.

Session expired

The server has moved on; the page needs a fresh start.